 Dungeon Crawl Stone Soup version 0.22-a0-603-gfc1114d (webtiles) character file.

13610 sking99 the Unseen (level 11, -4/56 HPs)
             Began as a Spriggan Enchanter on July 7, 2018.
             Was an Initiate of Gozag.
             Slain by a polar bear (6 damage)
             ... in an ice cave.
             The game lasted 00:37:06 (16968 turns).

sking99 the Unseen (Spriggan Enchanter)            Turns: 16968, Time: 00:37:08

Health: -4/56      AC:  5    Str:  9    XL:     11   Next: 77%
Magic:  3/5        EV: 18    Int: 18    God:    Gozag
Gold:   1695       SH:  0    Dex: 19    Spells: 4/16 levels left

rFire    . . .     SeeInvis +   b - +2 demon blade (antimagic)
rCold    + . .     Gourm    .   (shield restricted)
rNeg     . . .     Faith    .   s - +0 robe
rPois    .         Spirit   .   (helmet restricted)
rElec    .         Reflect  .   C - +2 cloak
rCorr    .         Harm     .   (gloves unavailable)
MR       +....                  (boots unavailable)
Stlth    +++++++...             (no amulet)
HPRegen  0.18/turn              k - +5 ring of strength
MPRegen  0.09/turn              o - ring of protection from cold

@: very quick
A: very small, unfitting armour, see invisible, herbivore, speed 3, slow
metabolism 2
a: Potion Petition, Call Merchant, Bribe Branch, Renounce Religion


You were in an ice cave.
You worshipped Gozag.
Gozag was most pleased with you.
You were not hungry.

You visited 3 branches of the dungeon, and saw 13 of its levels.
You also visited: Ice Cave.

You collected 1951 gold pieces.
You paid 256 gold pieces to Gozag.

Inventory:

Hand Weapons
 a - a +2 dagger
 b - a +2 antimagic demon blade (weapon)
Missiles
 i - a throwing net (quivered)
Armour
 s - a +0 robe (worn)
 C - a +2 cloak (worn)
Jewellery
 k - a +5 ring of strength (left hand)
 o - a ring of protection from cold (right hand)
Wands
 r - a wand of disintegration (18)
 u - a wand of acid (9)
 v - a wand of random effects (42)
 z - a wand of flame (66)
 B - a wand of digging (11)
Scrolls
 e - 9 scrolls of remove curse
 g - 6 scrolls of teleportation
 m - 2 scrolls of enchant armour
 n - 5 scrolls of identify
 p - 2 scrolls of magic mapping
 x - a scroll of holy word
 y - 3 scrolls of fear
 A - a scroll of summoning
 D - a scroll of brand weapon {unknown}
Potions
 c - 5 potions of curing
 f - 2 potions of lignification
 h - 3 potions of agility
 j - a potion of invisibility
 l - a potion of might
 q - a potion of brilliance
 t - 2 potions of heal wounds
 w - a potion of mutation
Comestibles
 d - 14 rations


   Skills:
 + Level 5.7 Fighting
 - Level 10.0 Short Blades
 - Level 3.0 Dodging
 + Level 16.2 Stealth
 - Level 3.0 Spellcasting
 + Level 13.1 Hexes


You had 4 spell levels left.
You knew the following spells:

 Your Spells              Type           Power        Failure   Level  Hunger
a - Ensorcelled Hibernat  Hex/Ice        ####..       1%          2    ##.....
b - Confuse               Hex            #####...     1%          3    ###....
c - Tukima's Dance        Hex            #####...     1%          3    ###....
d - Dazzling Spray        Conj/Hex       ####..       3%          3    ###....
t - Corona                Hex            #####..      1%          1    None

Your spell library contained the following spells:

 Spells                   Type           Power        Failure   Level  Hunger
 Magic Dart               Conj           #...         16%         1    None
 Apportation              Tloc           #.....       16%         1    None
 Conjure Flame            Conj/Fire      #.......     43%         3    ###....
 Slow                     Hex            #####...     1%          2    ##.....
 Freezing Cloud           Conj/Ice/Air   #.........   100%        6    #######
 Mephitic Cloud           Conj/Pois/Air  #.......     43%         3    ###....
 Ring of Flames           Chrm/Fire      #.........   100%        7    #######
 Summon Small Mammal      Summ           #...         16%         1    None
 Blink                    Tloc           N/A          24%         2    ##.....
 Animate Dead             Necr           N/A          85%         4    ####...
 Pain                     Necr           #...         16%         1    None
 Animate Skeleton         Necr           N/A          16%         1    None
 Vampiric Draining        Necr           #.........   43%         3    ###....
 Call Imp                 Summ           #.......     24%         2    ##.....
 Regeneration             Chrm/Necr      #.........   43%         3    ###....
 Spider Form              Tmut/Pois      #.........   43%         3    ###....
 Blade Hands              Tmut           #.........   99%         5    ######.
 Ice Form                 Ice/Tmut       #.......     85%         4    ####...
 Confusing Touch          Hex            #####.       1%          1    None
 Sticks to Snakes         Tmut           #.......     24%         2    ##.....
 Beastly Appendage        Tmut           #.....       16%         1    None
 Poisonous Vapours        Pois/Air       #.....       24%         2    ##.....


Dungeon Overview and Level Annotations

Branches:
Dungeon (11/15)            Temple (1/1) D:4            Lair (1/6) D:9
    Orc: D:9-12

Altars:
Ashenzari
Cheibriados
Dithmenos
Elyvilon
Fedhas
Gozag
Hepliaklqana
Kikubaaqudgha
Makhleb
Nemelex Xobeh
Okawaru
Qazlal
Ru
Sif Muna
Trog
Uskayaw
Vehumet
Wu Jian
Xom
Yredelemnul
Zin
The Shining One

Shops:
D:5 (

Annotations:
D:7 2 transporters, Hebeh's ghost, novice MiFi


Innate Abilities, Weirdness & Mutations

You are very small and have problems with some larger weapons.
You are too small for most types of armour.
You have supernaturally acute eyesight. (SInv)
You are a herbivore.
You cover ground extremely quickly.
You need to consume almost no food.


Message History

The polar bear completely misses you. The polar bear barely misses you.
The yak gores the polar bear.
The polar bear bites you but does no damage.
The polar bear closely misses you.
The polar bear claws you but does no damage.
The yak is distracted by the nearby gold.
You hit the polar bear.
The polar bear is severely wounded.
The polar bear misses you. The polar bear barely misses you.
The polar bear closely misses you.
You hit the polar bear.
The polar bear is severely wounded.
The polar bear goes berserk!
You hit the polar bear.
The polar bear is severely wounded.
The polar bear bites you!!
* * * LOW HITPOINT WARNING * * *
The polar bear closely misses you. The polar bear claws you.
You die...
Your body crumbles into a pile of gold.

#$#≈≈≈≈≈≈≈
#≈≈≈≈≈≈≈≈
##Yh≈≈≈≈≈≈
#hY#≈≈≈≈≈#
##$###≈≈≈### #h##
####.# #.##
#...#### ##h#
##..#.#.# #@###
#.#.##..##
#...###.####...#
#..###.#######.##
#..#≈#.#..# #..#
##.#≈#....# ##.##
#..###[..# #..#
##.###.⌠.# ##.#
#..##(.(#### #..
##.##......# ##.


You could see a polar bear (berserk).

Vanquished Creatures
  A two-headed ogre (D:9)
  An unseen horror (D:9)
  An ice statue (IceCv)
  A komodo dragon (D:10)
  2 rime drakes (Lair:1)
  A troll (D:10)
  8 polar bears (IceCv)
  A hornet (D:8)
  Prince Ribbit (D:5)
  A hippogriff (D:8)
  Sigmund (D:3)
  A fire elemental (Lair:1)
  17 yaks
  A hungry ghost (D:9)
  2 soldier ants
  Duvessa (D:7)
  2 water moccasins
  An orc warrior (D:6)
  3 ice beasts
  A sky beast (D:6)
  2 black bears
  2 phantoms
  4 ogres
  4 centaurs
  20 wolves (IceCv)
  Blork the orc (D:6)
  4 bullfrogs
  A gnoll sergeant (D:7)
  Dowan (D:7)
  2 scorpions
  7 killer bees
  A jelly (D:5)
  3 crimson imps
  2 lava snakes (Lair:1)
  4 centaur zombies
  7 orc priests
  5 hounds
  7 orc wizards
  3 bullfrog skeletons
  7 centaur skeletons
  Terence (D:2)
  7 worker ants
  A hound zombie (D:6)
  A hound skeleton (D:8)
  7 gnolls
  2 river rats (D:4)
  7 adders
  2 shadow imps
  An adder skeleton (D:9)
  3 worms
  A dart slug (D:2)
  5 leopard geckos
  26 orcs
  A ball python (D:4)
  10 giant cockroaches
  4 goblins
  9 hobgoblins
  10 jackals
  A ball python skeleton (D:4)
  8 bats
  3 frilled lizards
  A giant cockroach zombie (D:5)
  7 kobolds
  8 rats
261 creatures vanquished.

Vanquished Creatures (others)
  3 yaks (IceCv)
  A fungus (Lair:1)
4 creatures vanquished.

Grand Total: 265 creatures vanquished

Notes
Turn   | Place    | Note
-------+----------+-------------------------------------------
     0 | D:1      | sking99 the Spriggan Enchanter began the quest for the Orb.
     0 | D:1      | Reached XP level 1. HP: 9/9 MP: 5/5
   864 | D:1      | Reached XP level 2. HP: 13/13 MP: 4/6
   947 | D:1      | Learned a level 2 spell: Ensorcelled Hibernation
  2012 | D:2      | Noticed Terence
  2017 | D:2      | Killed Terence
  2017 | D:2      | Reached skill level 5 in Stealth
  2017 | D:2      | Reached XP level 3. HP: 16/16 MP: 8/8
  2468 | D:2      | Reached XP level 4. HP: 21/21 MP: 2/9
  3091 | D:3      | Found a sacrificial altar of Ru.
  3218 | D:3      | Found a faded altar of an unknown god.
  3349 | D:3      | Noticed Sigmund
  3358 | D:3      | Killed Sigmund
  3358 | D:3      | Reached skill level 6 in Stealth
  3358 | D:3      | Reached skill level 5 in Hexes
  3358 | D:3      | Reached XP level 5. HP: 16/24 MP: 7/10
  3360 | D:3      | Reached XP level 6. HP: 19/28 MP: 5/11
  3669 | D:3      | Reached skill level 7 in Stealth
  4396 | D:4      | Got a transparent falchion
  4469 | D:4      | Reached XP level 7. HP: 11/32 MP: 7/12
  4575 | D:4      | Reached skill level 8 in Stealth
  4622 | D:4      | Learned a level 3 spell: Confuse
  4626 | D:4      | Learned a level 3 spell: Tukima's Dance
  4630 | D:4      | Learned a level 3 spell: Dazzling Spray
  4653 | D:4      | Identified the cursed +1 falchion "Murmur" {elec, rN+} (You found it on level 4 of the Dungeon)
  4657 | D:4      | Found a deep blue altar of Sif Muna.
  4660 | D:4      | Found a bloodstained altar of Trog.
  4660 | D:4      | Found a radiant altar of Vehumet.
  4670 | D:4      | Found a snail-covered altar of Cheibriados.
  4670 | D:4      | Found an ornate altar of the Wu Jian Council.
  5092 | D:4      | Reached skill level 5 in Short Blades
  5431 | D:4      | Found a staircase to the Ecumenical Temple.
  5755 | D:5      | Entered Level 5 of the Dungeon
  5872 | D:5      | Reached skill level 9 in Stealth
  5951 | D:5      | Found Ishrott's Weapon Shop.
  6047 | D:5      | Reached XP level 8. HP: 13/36 MP: 8/13
  6603 | Temple   | Entered the Ecumenical Temple
  6610 | Temple   | Became a worshipper of Gozag Ym Sagoz the Greedy
  6729 | D:5      | Reached skill level 10 in Stealth
  7139 | D:5      | Noticed Prince Ribbit
  7147 | D:5      | Killed Prince Ribbit
  7657 | D:6      | Reached skill level 11 in Stealth
  7663 | D:6      | Found an ancient bone altar of Kikubaaqudgha.
  7763 | D:6      | Reached XP level 9. HP: 36/39 MP: 14/14
  7823 | D:6      | Noticed Blork the orc
  7844 | D:6      | Killed Blork the orc
  8405 | D:7      | Found a transporter.
  8405 | D:7      | Noticed Hebeh's ghost (novice MiFi)
  8407 | D:7      | Noticed a two-headed ogre
  8429 | D:7      | Found a blossoming altar of Fedhas.
  8432 | D:7      | Found a burning altar of Makhleb.
  9256 | D:7      | Noticed Duvessa
  9262 | D:7      | Noticed Dowan
  9263 | D:7      | Killed Duvessa
  9267 | D:7      | Killed Dowan
  9267 | D:7      | Reached skill level 12 in Stealth
  9380 | D:7      | Found a transporter.
 10404 | D:8      | Found a radiant altar of Vehumet.
 10522 | D:8      | Reached skill level 10 in Hexes
 11425 | D:8      | Reached skill level 13 in Stealth
 11489 | D:8      | Paralysed by a hornet for 1 turns
 11698 | D:8      | Reached XP level 10. HP: 35/44 MP: 10/15
 11871 | D:9      | Noticed a two-headed ogre
 11874 | D:9      | Killed a two-headed ogre
 11874 | D:9      | Reached skill level 1 in Fighting
 12326 | D:9      | Found a staircase to the Lair.
 12388 | D:9      | Noticed an unseen horror
 12415 | D:9      | Killed an unseen horror
 12648 | D:10     | Entered Level 10 of the Dungeon
 12650 | D:10     | Reached skill level 14 in Stealth
 12670 | D:10     | Reached skill level 10 in Short Blades
 13130 | D:10     | Noticed a manticore
 13854 | Lair:1   | Entered Level 1 of the Lair of Beasts
 14104 | Lair:1   | Reached XP level 11. HP: 20/53 MP: 1/16
 14268 | Lair:1   | Found a frozen archway.
 14294 | IceCv    | Entered an ice cave
 15065 | IceCv    | Reached skill level 15 in Stealth
 16202 | IceCv    | Reached skill level 5 in Fighting
 16528 | IceCv    | HP: 1/56 [wolf (8)]
 16810 | IceCv    | Reached skill level 16 in Stealth
 16968 | IceCv    | HP: 2/56 [polar bear (22)]
 16968 | IceCv    | Slain by a polar bear

Vault maps used:
D:1:      roderic_lyre, minmay_pentomino_v4
D:2:      first_ration, hangedman_decor_clover_reticule, serial_bayou_lagoon_a,
          uniq_terence
D:3:      chequers_ecumenical_altar_simple, serial_curves, eino_curves_02,
          eino_curves_04, nicolae_ru_great_annihilating_truth, uniq_sigmund
D:4:      grunt_temple_overflow_open, minmay_temple_entry_from_below_a,
          portal_sewer_entry_b, st_stairs_1
D:5:      serial_shops, kennysheep_mini_moat, minmay_misc_feat_roman,
          kennysheep_potato, uniq_prince_ribbit1
D:6:      basic_altar, uniq_blork_the_orc
D:7:      chequers_temple_overflow_statue_of_worship, gammafunk_ghost_arena,
          uniq_duvessa
D:8:      hangedman_pestilent_swarm, vehumet_altar_wand_db
D:9:      lair_entry_dummy, minmay_strange_pillars, hangedman_tell_no_tales
D:10:     onia_ninara_dug_in_and_dangerous
D:11:     cheibrodos_orc_bank, hangedman_corner_corridor, uniq_josephine,
          uniq_nergalle
Temple:   nicolae_temple_no_exploring_needed
Lair:1:   portal_ice_cave_rime
IceCv:    ice_cave_caverns_02

Skill      XL: |  1  2  3  4  5  6  7  8  9 10 11 |
---------------+----------------------------------+-----
Spellcasting   | 3 |  3.0
Short Blades   | 2 3 4 5 7 9 10 | 10.0
Stealth        | 5 6 7 9 11 13 14 16 | 16.2
Hexes          | 4 5 6 7 8 10 11 13 | 13.1
Fighting       | 3 5 |  5.7
Dodging        | |  3.0

Action                   |  1- 3 |  4- 6 |  7- 9 | 10-12 || total
-------------------------+-------+-------+-------+-------++-------
Melee: Dagger            |    88 |    77 |   204 |   163 ||   532
       Demon blade       |       |       |       |   123 ||   123
 Cast: Corona            |     6 |       |       |       ||     6
       Ensorcelled Hiber |    12 |    34 |   163 |    80 ||   289
       Confuse           |       |       |    14 |    26 ||    40
Invok: Potion Petition   |       |       |       |     2 ||     2
  Use: Scroll            |       |     8 |     4 |     7 ||    19
       Potion            |       |       |     1 |     2 ||     3
 Stab: Sleeping          |    11 |    30 |    94 |    60 ||   195
       Confused          |       |       |    10 |    18 ||    28
       Distracted        |       |       |     2 |     5 ||     7
  Eat: Ration            |       |     1 |     9 |     7 ||    17
Armor: Robe              |    17 |     7 |    19 |    22 ||    65
Dodge: Dodged            |   104 |    49 |   174 |   195 ||   522
       Rpst.: Demon blade |       |       |       |    32 ||    32

Table legend:
 A = Spawn XP
 B = Non-spawn XP
 C = Spawn XP percentage of total XP
 D = Spawn monster count
 E = Non-spawn monster count
 F = Spawn count percentage of total count
 G = Total turns spent on level
                    A         B        C        D         E        F      G
               +---------+---------+-------+---------+---------+-------+---------
         Total |       0 |   19443 |   0.0 |       0 |     261 |   0.0 | 16968
               +---------+---------+-------+---------+---------+-------+---------
           D:1 |       0 |      22 |   0.0 |       0 |      15 |   0.0 |  2009
           D:2 |       0 |      99 |   0.0 |       0 |      18 |   0.0 |  1079
           D:3 |       0 |     304 |   0.0 |       0 |      18 |   0.0 |  1124
           D:4 |       0 |     654 |   0.0 |       0 |      31 |   0.0 |  1557
           D:5 |       0 |    1324 |   0.0 |       0 |      31 |   0.0 |  1739
           D:6 |       0 |     812 |   0.0 |       0 |      18 |   0.0 |   955
           D:7 |       0 |    1133 |   0.0 |       0 |      27 |   0.0 |  2163
           D:8 |       0 |    1381 |   0.0 |       0 |      18 |   0.0 |  1151
           D:9 |       0 |    2784 |   0.0 |       0 |      19 |   0.0 |   976
          D:10 |       0 |    1097 |   0.0 |       0 |      12 |   0.0 |  1170
        Lair:1 |       0 |    2373 |   0.0 |       0 |      13 |   0.0 |   352
         IceCv |       0 |    7460 |   0.0 |       0 |      41 |   0.0 |  2674
               +---------+---------+-------+---------+---------+-------+---------
